 Dungeon Crawl Stone Soup version 0.30-a0-862-g1aabd4f9c5 (webtiles) character file.

Game seed: 9791552339915297093

79 Pimp the Sneak (level 4, -4/21 HPs)
             Began as a Spriggan Conjurer on Mar 9, 2023.
             Slain by a sleepcap (19 damage)
             ... on level 5 of the Dungeon.
             The game lasted 00:09:53 (2621 turns).

Pimp the Sneak (Spriggan Conjurer)                  Turns: 2621, Time: 00:09:53

Health: -4/21      AC:  3    Str:  3    XL:     4   Next: 16%
Magic:  5/10       EV:  4    Int: 19    God:
Gold:   108        SH:  0    Dex: 15    Spells: 7/10 levels left

rFire   . . .      SeeInvis +    d - +0 short sword (elec)
rCold   . . .      Faith    .    (no shield)
rNeg    . . .      Spirit   .    a - +1 robe
rPois   .          Reflect  .    (helmet restricted)
rElec   .          Rampage  .    (no cloak)
rCorr   .                        (gloves unavailable)
Will    .....                    (boots unavailable)
Stlth   +++                      (no amulet)
HPRegen 0.23/turn                (no ring)
MPRegen 0.12/turn                (no ring)

@: sleeping, very slightly contaminated, very quick
A: very small, no large weapons, unfitting armour, see invisible, speed 3
a: no special abilities


You were on level 5 of the Dungeon.
You visited 1 branch of the dungeon, and saw 5 of its levels.

You collected 165 gold pieces.
You spent 57 gold pieces at shops.

Inventory:

Hand Weapons
 d - a +0 short sword of electrocution (weapon)
 e - a +0 dagger
Armour
 a - a +1 robe (worn)
Jewellery
 i - a ring of fire
 j - a ring of ice
 o - an amulet of regeneration
Wands
 h - a wand of iceblast (21)
Potions
 b - a potion of magic
 f - a potion of cancellation {unknown}
 g - a potion of lignification {unknown}
 l - a potion of mutation {unknown}
 m - 2 potions of curing
 n - a potion of ambrosia {unknown}
 p - a potion of resistance {unknown}


   Skills:
 + Level 0.8 Short Blades
 + Level 0.3 Armour
 + Level 3.3 Dodging
 * Level 4.3 Stealth
 * Level 3.7 Spellcasting
 + Level 3.2 Conjurations
 + Level 0.0 Evocations


You had 7 spell levels left.
You knew the following spells:

 Your Spells              Type           Power      Damage    Failure   Level
a - Magic Dart            Conj           60%        1d6       3%          1
b - Searing Ray           Conj           30%        2d5       5%          2

Your spell library contained the following spells:

 Spells                   Type           Power      Damage    Failure   Level
 Kiss of Death            Conj/Necr      36%        2d8       8%          1
 Ensorcelled Hibernation  Hex/Ice        6%         N/A       22%         2
 Dazzling Flash           Conj/Hex       18%        N/A       22%         3
 Confusing Touch          Hex            3%         N/A       38%         3
 Spider Form              Tmut/Pois      3%         N/A       38%         3
 Fulminant Prism          Conj/Hex       4%         3d5       58%         4
 Iskenderun's Mystic Bla  Conj/Tloc      9%         2d4       58%         4
 Anguish                  Hex/Necr       1%         N/A       80%         4
 Dispel Undead            Necr           3%         3d7       80%         4


Dungeon Overview and Level Annotations

Branches:
Dungeon (5/15)
 Temple: D:4-7

Altars:
Elyvilon
Gozag

Shops:
D:3 *

Annotations:
D:4 Eustachio


Innate Abilities, Weirdness & Mutations

You are very small and have problems with some larger weapons.
You are too small for most types of armour.
You have supernaturally acute eyesight. (SInv)
You cover ground extremely quickly. (Speed+++)


Message History

The sleepcap is heavily damaged.
The sleepcap releases spores at you.
You are engulfed in a cloud of soporific spores!
You hit the sleepcap but do no damage.
The sleepcap is moderately damaged.
The sleepcap misses you.
Unknown command.
Casting: Searing Ray (safe; 5% risk of failure)
Confirm with . or Enter, or press ? or * to list all spells.
You don't know that spell.
Unknown command.
Casting: Searing Ray (safe; 5% risk of failure)
Confirm with . or Enter, or press ? or * to list all spells.
Aiming: Searing Ray (safe; 5% risk of failure)
Press: ? - help, Shift-Dir - straight line, f - iguana
Aim: an iguana (79% to hit)
You miscast Searing Ray.
You are very lightly contaminated with residual magic.
Nothing appears to happen.
The sleepcap barely misses you.
Casting: Searing Ray (safe; 5% risk of failure)
Confirm with . or Enter, or press ? or * to list all spells.
Aiming: Searing Ray (safe; 5% risk of failure)
Press: ? - help, Shift-Dir - straight line, f/p - iguana
Aim: an iguana (79% to hit)
The searing ray hits the sleepcap.
The sleepcap is heavily damaged.
The searing ray hits the iguana.
The iguana is lightly wounded. (Press . to maintain the ray.)
The sleepcap closely misses you.
The searing ray hits the sleepcap.
The sleepcap is severely damaged.
The searing ray hits the iguana.
The iguana is lightly wounded.
The sleepcap releases spores at you.
You are engulfed in a cloud of soporific spores!
You fall asleep.
The sleepcap releases spores at you!!
Ouch! That really hurt!
You die...

### ######.#
#......#
#########.####.#
#.........#....#
#.#########.####
#.#######...(..##
#...@fl.........#
#########...##..#
#####.#.....#
#...l...###.#
#l###........
######'#..#..#...#.
#............#...#
#..?.....#...# ..#
#...o........... #


You could see a sleepcap and an iguana.

Vanquished Creatures
  Robin (D:3)
  A worm (D:3)
  2 dart slugs (D:1)
  An orc (D:3)
  2 endoplasms (D:1)
  2 giant cockroaches
  14 goblins
  3 hobgoblins (D:3)
  4 quokkas
  2 ball pythons
  9 bats
  4 frilled lizards
  6 kobolds
  4 rats
55 creatures vanquished.

Vanquished Creatures (others)
  A goblin (D:3)
1 creature vanquished.

Grand Total: 56 creatures vanquished

Notes
Turn   | Place    | Note
-------+----------+-------------------------------------------
     0 | D:1      | Pimp the Spriggan Conjurer began the quest for the Orb.
     0 | D:1      | Reached XP level 1. HP: 9/9 MP: 5/5
   250 | D:1      | Reached XP level 2. HP: 11/13 MP: 2/6
   408 | D:1      | Learned a level 2 spell: Searing Ray
  1265 | D:2      | Reached XP level 3. HP: 14/16 MP: 2/8
  1368 | D:2      | You fall into a shaft and drop 1 floor!
  1374 | D:3      | Noticed Robin
  1391 | D:3      | Killed Robin
  1392 | D:3      | Reached skill level 4 in Stealth
  1437 | D:3      | Found Mealir's Assorted Antiques.
  1443 | D:3      | Bought a scroll labelled WIETHUMOHA for 30 gold pieces
  1443 | D:3      | Bought a fuming puce potion for 27 gold pieces
  1889 | D:3      | Found a white marble altar of Elyvilon.
  2057 | D:3      | Reached XP level 4. HP: 21/21 MP: 10/10
  2101 | D:3      | Found an opulent altar of Gozag.
  2130 | D:3      | Found a faded altar of an unknown god.
  2479 | D:4      | Noticed Eustachio
  2530 | D:5      | Entered Level 5 of the Dungeon
  2532 | D:5      | Noticed an ogre
  2547 | D:5      | Noticed a scorpion
  2621 | D:5      | Slain by a sleepcap

Illustrated notes

Levels and vault maps discovered:
D:1:      lightli_arrival_windingriver, layout_basic
D:2:      layout_rooms, uniq_natasha
D:3:      layout_loops_ring, nicolae_gozag_seed_capital, elyvilon_altar_4,
          shapermc_ecumenical_altar_notcrosses, serial_shops, shop, uniq_robin
D:4:      layout_rooms, uniq_eustachio
D:5:      layout_basic, hellmonk_okawaru_the_only_friend_you_need,
          minmay_temple_entry_crystal_x

Skill      XL: |  1  2  3 |
---------------+----------+-----
Conjurations   | 3 |  3.2
Dodging        | 3 |  3.3
Spellcasting   | 3 |  3.7
Stealth        | 4 |  4.3
Short Blades   | |  0.8
Armour         | |  0.3

Action                     |  1- 3 |  4- 6 || total
---------------------------+-------+-------++-------
  Melee: Unarmed           |    25 |       ||    25
         Dagger            |    53 |       ||    53
         Short sword       |    17 |    39 ||    56
   Cast: Magic Dart        |    19 |       ||    19
         Searing Ray       |    11 |     3 ||    14
    Use: Scroll            |     6 |     4 ||    10
         Potion            |     1 |     1 ||     2
   Stab: Sleeping          |    12 |     2 ||    14
 Armour: Robe              |    19 |     6 ||    25
  Dodge: Dodged            |   157 |    34 ||   191

Table legend: (Time is in decaauts)
 A = Elapsed time spent in this place.
 B = Non-inter-level travel time spent in this place.
 C = Inter-level travel time spent in this place.
 D = Time resting spent in this place.
 E = Time spent auto-exploring this place.
 F = Levels seen in this place.
 G = Mean time per level.
                   A        B        C        D        E       F      G
               +--------+--------+--------+--------+--------+-----+--------+
         Total |   1956 |   1941 |     15 |    615 |    663 |   5 |  391.2 |
       Dungeon |   1956 |   1941 |     15 |    615 |    663 |   5 |  391.2 |
               +--------+--------+--------+--------+--------+-----+--------+

Top non-repeatable levels by time:
     D:1: 889 daAuts
     D:3: 822 daAuts
     D:2: 141 daAuts
     D:5: 62 daAuts
     D:4: 40 daAuts
